[ AOE2 MATCH · #506501577 ]
UnrankedPersians vs Mongols
Player's team · WIN
Rival team · LOSS
[ REPLAY ANALYSIS · EXTRACTED FROM THE RECORDED GAME ]
Feudal
8:49
Castle
20:44
Imperial
—
| APM avg | 53.3 |
| APM peak | 94 |
| eAPM avg | 31.6 |
| Villagers / military | 66 / 48 |
Focus
⚔️ 45.2% · 🌾 54.8%
Knight ×25 · Spearman ×15 · Monk ×8
Feudal
8:06
Castle
21:29
Imperial
—
| APM avg | 64.5 |
| APM peak | 97 |
| eAPM avg | 22.0 |
| Villagers / military | 56 / 25 |
Focus
⚔️ 30.2% · 🌾 69.8%
Camel Scout ×10 · Archer ×7 · Scout Cavalry ×3 · Steppe Lancer ×3 · Spearman ×2
Match map
Initial resources + every placement click. Lines = walls · curves = elevation contours. ◆ gold · ⬟ stone · ● berries · ✦ relic · ◌ wall gap
Your base· ✓ Closed at 20:44 · 42t walls · 1 gate(s)
Guthrie_Govan's base· ✓ Closed at 21:29 · 48t walls · 1 gate(s)
Smoothed initial terrain · ◌ = detected wall gap · hover for details
Inputs per minute
— FJL - - Guthrie_Govan
Build order — FJL
First 150 of 192 actions detected
| 0:01 | Queue | Villager (Male) |
| 0:01 | Queue | Villager (Male) |
| 0:01 | Queue | Villager (Male) |
| 0:02 | Build | House |
| 0:03 | Build | House |
| 0:06 | Queue | Villager (Male) |
| 0:10 | Queue | Villager (Male) |
| 1:22 | Queue | Villager (Male) |
| 1:22 | Queue | Villager (Male) |
| 1:47 | Queue | Villager (Male) |
| 2:12 | Build | Lumber Camp |
| 2:15 | Queue | Villager (Male) |
| 2:39 | Queue | Villager (Male) |
| 2:40 | Queue | Villager (Male) |
| 2:51 | Build | House |
| 3:08 | Queue | Villager (Male) |
| 3:08 | Queue | Villager (Male) |
| 3:17 | Queue | Villager (Male) |
| 3:30 | Build | House |
| 3:42 | Queue | Villager (Male) |
| 4:10 | Build | Mill |
| 4:40 | Queue | Villager (Male) |
| 5:07 | Queue | Villager (Male) |
| 5:26 | Queue | Villager (Male) |
| 5:51 | Queue | Villager (Male) |
| 5:52 | Research | Loom |
| 6:36 | Research | Feudal Age |
| 7:31 | Build | Barracks |
| 8:34 | Queue | Villager (Male) |
| 8:47 | Queue | Villager (Male) |
| 8:49 | Age | Feudal Age |
| 8:52 | Queue | Spearman |
| 8:56 | Research | Double-Bit Axe |
| 9:01 | Build | Stable |
| 9:03 | Queue | Villager (Male) |
| 9:13 | Queue | Spearman |
| 9:26 | Queue | Villager (Male) |
| 9:34 | Queue | Villager (Male) |
| 9:38 | Queue | Villager (Male) |
| 9:43 | Queue | Spearman |
| 9:46 | Build | House |
| 9:51 | Research | Horse Collar |
| 9:53 | Queue | Villager (Male) |
| 9:57 | Build | House |
| 10:08 | Build | House |
| 10:14 | Queue | Villager (Male) |
| 10:18 | Queue | Spearman |
| 10:26 | Queue | Villager (Male) |
| 10:30 | Queue | Villager (Male) |
| 10:32 | Build | House |
| 10:41 | Build | Palisade Wall |
| 10:45 | Build | Palisade Wall |
| 10:49 | Queue | Villager (Male) |
| 10:52 | Build | Farm |
| 10:53 | Build | Farm |
| 10:56 | Build | Farm |
| 11:05 | Queue | Spearman |
| 11:11 | Queue | Villager (Male) |
| 11:16 | Build | Farm |
| 11:40 | Queue | Villager (Male) |
| 11:42 | Build | Lumber Camp |
| 12:20 | Build | Palisade Wall |
| 12:28 | Build | Palisade Wall |
| 12:31 | Queue | Villager (Male) |
| 12:49 | Build | House |
| 12:58 | Build | Farm |
| 12:58 | Build | Farm |
| 13:08 | Build | Farm |
| 13:12 | Build | Farm |
| 13:16 | Build | Farm |
| 13:20 | Build | Farm |
| 13:21 | Queue | Villager (Male) |
| 13:29 | Build | Farm |
| 13:30 | Build | Farm |
| 13:37 | Build | Palisade Wall |
| 13:50 | Queue | Villager (Male) |
| 13:50 | Queue | Villager (Male) |
| 13:52 | Build | Farm |
| 14:09 | Queue | Villager (Male) |
| 14:10 | Queue | Villager (Male) |
| 14:12 | Build | Farm |
| 14:13 | Build | Farm |
| 14:24 | Build | Palisade Wall |
| 14:26 | Queue | Villager (Male) |
| 14:40 | Build | Mining Camp |
| 14:43 | Queue | Villager (Male) |
| 14:49 | Build | House |
| 14:57 | Build | Palisade Wall |
| 14:59 | Build | Palisade Wall |
| 15:01 | Build | Palisade Wall |
| 15:03 | Build | Palisade Wall |
| 15:05 | Queue | Villager (Male) |
| 15:24 | Build | Palisade Gate |
| 15:25 | Queue | Villager (Male) |
| 15:30 | Build | Palisade Wall |
| 15:40 | Build | Farm |
| 15:41 | Queue | Villager (Male) |
| 15:44 | Build | Blacksmith |
| 15:57 | Queue | Villager (Male) |
| 16:10 | Build | Farm |
| 16:25 | Queue | Villager (Male) |
| 16:45 | Queue | Villager (Male) |
| 16:52 | Build | Market |
| 17:18 | Build | Lumber Camp |
| 17:38 | Queue | Villager (Male) |
| 18:03 | Build | Palisade Wall |
| 18:11 | Build | Palisade Wall |
| 18:18 | Research | Castle Age |
| 18:43 | Build | Watch Tower |
| 18:44 | Queue | Villager (Male) |
| 18:59 | Build | Farm |
| 19:06 | Build | House |
| 19:59 | Build | Stable |
| 20:08 | Research | Scale Barding Armor |
| 20:09 | Queue | Villager (Male) |
| 20:44 | Age | Castle Age |
| 20:46 | Queue | Knight |
| 20:46 | Queue | Knight |
| 21:04 | Research | Chain Barding Armor |
| 21:05 | Queue | Villager (Male) |
| 21:09 | Queue | Knight |
| 21:09 | Queue | Knight |
| 21:15 | Queue | Villager (Male) |
| 21:32 | Queue | Villager (Male) |
| 21:32 | Queue | Villager (Male) |
| 21:41 | Queue | Knight |
| 21:41 | Queue | Knight |
| 21:41 | Queue | Knight |
| 21:41 | Queue | Knight |
| 21:56 | Queue | Knight |
| 21:56 | Queue | Knight |
| 22:07 | Queue | Knight |
| 22:07 | Queue | Knight |
| 22:12 | Build | Farm |
| 22:29 | Queue | Knight |
| 22:39 | Queue | Knight |
| 22:39 | Queue | Knight |
| 22:40 | Queue | Knight |
| 22:54 | Queue | Villager (Male) |
| 22:56 | Queue | Knight |
| 22:56 | Queue | Knight |
| 22:56 | Queue | Knight |
| 23:04 | Queue | Villager (Male) |
| 23:05 | Queue | Knight |
| 23:06 | Queue | Knight |
| 23:17 | Build | Monastery |
| 23:19 | Queue | Villager (Male) |
| 23:28 | Queue | Villager (Male) |
| 23:30 | Build | House |
| 23:40 | Queue | Villager (Male) |
Build order — Guthrie_Govan
First 150 of 179 actions detected
| 0:00 | Queue | Villager (Male) |
| 0:00 | Queue | Villager (Male) |
| 0:01 | Queue | Villager (Male) |
| 0:01 | Queue | Villager (Male) |
| 0:02 | Build | House |
| 0:03 | Build | House |
| 1:27 | Queue | Villager (Male) |
| 1:27 | Queue | Villager (Male) |
| 1:42 | Queue | Villager (Male) |
| 1:47 | Build | Lumber Camp |
| 2:00 | Queue | Villager (Male) |
| 2:31 | Queue | Villager (Male) |
| 2:31 | Queue | Villager (Male) |
| 2:33 | Queue | Villager (Male) |
| 3:06 | Queue | Villager (Male) |
| 3:34 | Queue | Villager (Male) |
| 4:00 | Build | House |
| 4:10 | Queue | Villager (Male) |
| 4:33 | Build | Mill |
| 4:37 | Queue | Villager (Male) |
| 5:06 | Queue | Villager (Male) |
| 5:34 | Build | Palisade Gate |
| 5:56 | Research | Feudal Age |
| 5:56 | Research | Feudal Age |
| 7:01 | Build | Barracks |
| 7:04 | Build | House |
| 7:42 | Research | Loom |
| 7:42 | Research | Loom |
| 8:06 | Age | Feudal Age |
| 8:08 | Build | Stable |
| 8:10 | Research | Double-Bit Axe |
| 8:11 | Research | Double-Bit Axe |
| 8:14 | Queue | Villager (Male) |
| 8:23 | Queue | Spearman |
| 8:38 | Queue | Villager (Male) |
| 8:43 | Build | Watch Tower |
| 8:50 | Queue | Scout Cavalry |
| 8:54 | Build | House |
| 9:02 | Queue | Villager (Male) |
| 9:06 | Build | Mill |
| 9:41 | Queue | Scout Cavalry |
| 9:56 | Build | Farm |
| 9:57 | Build | Farm |
| 9:59 | Build | Farm |
| 10:03 | Build | Farm |
| 10:16 | Build | House |
| 10:20 | Build | Farm |
| 10:36 | Queue | Villager (Male) |
| 10:38 | Build | Farm |
| 10:44 | Build | Palisade Wall |
| 10:45 | Build | Palisade Wall |
| 10:46 | Build | Palisade Wall |
| 10:48 | Build | Palisade Wall |
| 10:58 | Queue | Villager (Male) |
| 11:03 | Build | House |
| 11:17 | Queue | Scout Cavalry |
| 11:21 | Build | Farm |
| 11:45 | Build | House |
| 11:48 | Queue | Villager (Male) |
| 11:50 | Build | Farm |
| 11:52 | Build | Mining Camp |
| 11:59 | Build | Mining Camp |
| 12:04 | Build | House |
| 12:05 | Build | House |
| 12:07 | Queue | Villager (Male) |
| 13:05 | Queue | Villager (Male) |
| 13:07 | Queue | Villager (Male) |
| 13:09 | Build | Archery Range |
| 13:14 | Queue | Villager (Male) |
| 13:19 | Build | Mining Camp |
| 13:32 | Build | House |
| 13:41 | Queue | Villager (Male) |
| 13:46 | Build | Palisade Wall |
| 14:14 | Build | Palisade Wall |
| 14:17 | Build | Palisade Wall |
| 14:18 | Queue | Archer |
| 14:23 | Queue | Villager (Male) |
| 14:40 | Build | House |
| 14:42 | Queue | Villager (Male) |
| 14:44 | Queue | Spearman |
| 14:54 | Build | Palisade Wall |
| 14:57 | Build | Palisade Wall |
| 15:00 | Build | Palisade Wall |
| 15:04 | Build | Palisade Wall |
| 15:07 | Queue | Villager (Male) |
| 15:13 | Build | Palisade Wall |
| 15:15 | Build | Farm |
| 15:28 | Build | Watch Tower |
| 15:30 | Queue | Villager (Male) |
| 15:34 | Queue | Archer |
| 15:37 | Queue | Villager (Male) |
| 15:44 | Build | Palisade Wall |
| 15:45 | Build | Palisade Wall |
| 15:54 | Build | House |
| 15:56 | Build | Palisade Wall |
| 15:58 | Queue | Villager (Male) |
| 15:59 | Build | Palisade Wall |
| 16:07 | Queue | Archer |
| 16:24 | Queue | Archer |
| 16:27 | Queue | Villager (Male) |
| 16:32 | Build | Farm |
| 16:35 | Queue | Archer |
| 16:58 | Build | House |
| 17:32 | Build | Palisade Wall |
| 17:32 | Build | Palisade Wall |
| 17:39 | Build | Farm |
| 17:39 | Queue | Villager (Male) |
| 18:05 | Queue | Villager (Male) |
| 18:11 | Queue | Archer |
| 18:11 | Queue | Archer |
| 18:30 | Build | Watch Tower |
| 18:49 | Research | Castle Age |
| 18:49 | Research | Castle Age |
| 20:13 | Build | Blacksmith |
| 21:01 | Build | Stable |
| 21:05 | Research | Fletching |
| 21:06 | Research | Fletching |
| 21:07 | Queue | Villager (Male) |
| 21:08 | Build | House |
| 21:09 | Build | House |
| 21:29 | Age | Castle Age |
| 21:34 | Research | Crossbowman (upgrade) |
| 21:34 | Research | Crossbowman (upgrade) |
| 21:36 | Queue | Steppe Lancer |
| 21:36 | Queue | Steppe Lancer |
| 21:36 | Queue | Steppe Lancer |
| 21:37 | Queue | Villager (Male) |
| 21:58 | Queue | Camel Scout |
| 21:58 | Queue | Camel Scout |
| 22:27 | Queue | Camel Scout |
| 22:27 | Queue | Camel Scout |
| 22:30 | Queue | Villager (Male) |
| 22:40 | Build | Stone Wall |
| 22:41 | Build | Stone Wall |
| 22:43 | Build | Stone Wall |
| 22:48 | Build | Stone Wall |
| 22:53 | Build | Stone Wall |
| 22:53 | Queue | Villager (Male) |
| 22:59 | Queue | Camel Scout |
| 22:59 | Queue | Camel Scout |
| 23:05 | Build | Farm |
| 23:12 | Build | House |
| 23:13 | Build | House |
| 23:15 | Build | Town Center |
| 23:32 | Research | Scale Barding Armor |
| 24:13 | Build | Watch Tower |
| 24:15 | Queue | Camel Scout |
| 24:16 | Queue | Camel Scout |
| 24:16 | Queue | Camel Scout |
| 24:16 | Queue | Camel Scout |
Match timeline
| 7:01 | Guthrie_Govan · first_building Barracks |
| 7:31 | FJL · first_building Barracks |
| 8:06 | Guthrie_Govan · age_up feudal |
| 8:08 | Guthrie_Govan · first_building Stable |
| 8:49 | FJL · age_up feudal |
| 9:01 | FJL · first_building Stable |
| 10:41 | FJL · wall_segment Palisade Wall x6 |
| 10:44 | Guthrie_Govan · wall_segment Palisade Wall x1 |
| 10:45 | Guthrie_Govan · wall_segment Palisade Wall x1 |
| 10:45 | FJL · wall_segment Palisade Wall x5 |
| 10:46 | Guthrie_Govan · wall_segment Palisade Wall x1 |
| 10:48 | Guthrie_Govan · wall_segment Palisade Wall x1 |
| 12:20 | FJL · wall_segment Palisade Wall x4 |
| 12:28 | FJL · wall_segment Palisade Wall x1 |
| 13:09 | Guthrie_Govan · first_building Archery Range |
| 13:37 | FJL · wall_segment Palisade Wall x1 |
| 13:46 | Guthrie_Govan · wall_segment Palisade Wall x10 |
| 14:14 | Guthrie_Govan · wall_segment Palisade Wall x6 |
| 14:17 | Guthrie_Govan · wall_segment Palisade Wall x3 |
| 14:24 | FJL · wall_segment Palisade Wall x9 |
| 14:54 | Guthrie_Govan · wall_segment Palisade Wall x8 |
| 14:57 | Guthrie_Govan · wall_segment Palisade Wall x1 |
| 14:57 | FJL · wall_segment Palisade Wall x3 |
| 14:59 | FJL · wall_segment Palisade Wall x2 |
| 15:00 | Guthrie_Govan · wall_segment Palisade Wall x9 |
| 15:01 | FJL · wall_segment Palisade Wall x6 |
| 15:03 | FJL · wall_segment Palisade Wall x2 |
| 15:04 | Guthrie_Govan · wall_segment Palisade Wall x2 |
| 15:13 | Guthrie_Govan · wall_segment Palisade Wall x1 |
| 15:30 | FJL · wall_segment Palisade Wall x1 |
| 15:44 | Guthrie_Govan · wall_segment Palisade Wall x1 |
| 15:45 | Guthrie_Govan · wall_segment Palisade Wall x1 |
| 15:56 | Guthrie_Govan · wall_segment Palisade Wall x1 |
| 15:59 | Guthrie_Govan · wall_segment Palisade Wall x1 |
| 17:32 | Guthrie_Govan · wall_segment Palisade Wall x1 |
| 17:32 | Guthrie_Govan · wall_segment Palisade Wall x1 |
| 18:03 | FJL · wall_segment Palisade Wall x1 |
| 18:11 | FJL · wall_segment Palisade Wall x1 |
| 20:44 | FJL · age_up castle |
| 21:03 | FJL · first_market_buy 100 food |
| 21:29 | Guthrie_Govan · age_up castle |
| 21:40 | FJL · first_market_sell 100 wood |
| 22:40 | Guthrie_Govan · wall_segment Stone Wall x1 |
| 22:41 | Guthrie_Govan · wall_segment Stone Wall x1 |
| 22:43 | Guthrie_Govan · wall_segment Stone Wall x1 |
| 22:48 | Guthrie_Govan · wall_segment Stone Wall x1 |
| 22:53 | Guthrie_Govan · wall_segment Stone Wall x1 |
| 23:17 | FJL · first_building Monastery |
| 25:03 | Guthrie_Govan · wall_segment Stone Wall x1 |
| 25:06 | Guthrie_Govan · wall_segment Stone Wall x1 |
| 26:21 | FJL · wall_segment Palisade Wall x1 |
| 27:35 | Guthrie_Govan · resign |
[ AI ANALYSIS · 1 CREDIT ]
What really happened in this match?
Wolo.gg analyzes every decision: build order, eco, micro, common mistakes by bracket. Personalized analysis on WhatsApp or Discord in 30 seconds.
Civ guide
Persians
Perfil
Jugador #5150947